 Dungeon Crawl Stone Soup version 0.31-a0-986-g5e6e4ef867 (webtiles) character file.

Game seed: 17549505943745910030

549 Jeffwins the Ruffian (level 7, 31/43 HPs)
             Began as a Pale Draconian Shapeshifter on Nov 23, 2023.
             Was an Initiate of Gozag.
             Quit the game on level 5 of the Dungeon.
             The game lasted 00:12:16 (3305 turns).

Jeffwins the Ruffian (Pale Draconian Shapeshifter)  Turns: 3305, Time: 00:12:16

Health: 31/43      AC:  7    Str: 21    XL:     7   Next: 7%
Magic:  7/7        EV: 16    Int: 19    God:    Gozag
Gold:   204        SH:  0    Dex:  5    Spells: 6/6 levels left

rFire   . .          .
                       - Unarmed
rCold   . . .        (shield currently unavailable)
rNeg    . . .        (body armour unavailable)
rPois   .            (helmet restricted)
rElec   .            (no cloak)
rCorr   +            n - +0 pair of gloves of Fedhas, Sheltering {rCorr Str+5 Dex-5}
SInv    .            (no boots)
Will    .....        (no amulet)
Stlth   +            E - +5 ring of evasion
HPRegen 0.27/turn    I - +6 ring of intelligence
MPRegen 0.10/turn

%: no passive effects
@: flux-form, gold aura, glowing
A: glow, contaminating, reduced hp, breathe steam, AC +6, unfitting armour,
cold-blooded, steam resistance
a: Breathe Steam, Begin Untransformation, Renounce Religion, Potion Petition,
Call Merchant, Bribe Branch


You were on level 5 of the Dungeon.
You worshipped Gozag.
Gozag was aware of your devotion.
You were something dangerously unstable.
You visited 2 branches of the dungeon, and saw 6 of its levels.

You collected 265 gold pieces.
You paid 61 gold pieces to Gozag.


Innate Abilities, Weirdness & Mutations

You are something dangerously unstable.
You glow with magical radiation, making you easy to see and hit.
Foes you strike become dangerously contaminated with magical radiation.
Your maximum health is decreased, since you lack skill for your form.
You are incapable of wielding weapons or throwing items.
You can breathe blasts of scalding, opaque steam.
Your pale cyan-grey scales are hard. (AC +6)
You cannot fit into any form of body armour.
You are cold-blooded and may be slowed by cold attacks.
You are immune to the effects of steam.


   Skills:
 + Level 3.0 Fighting
 + Level 3.0 Dodging
 + Level 2.3 Stealth
 * Level 4.8 Unarmed Combat
 + Level 2.2 Evocations
 * Level 4.5 Shapeshifting


You had 6 spell levels left.
You didn't know any spells.
Your spell library contained the following spells:

 Spells                   Type           Power      Damage    Failure   Level
 Poisonous Vapours        Pois/Air       0%         N/A       30%         2
 Mephitic Cloud           Conj/Pois/Air  0%         N/A       52%         3
 Freezing Cloud           Conj/Ice/Air   0%         6-21      99%         5

Inventory:

Hand Weapons
 a - a +2 dagger of venom
 g - a +1 heavy mace
 o - a +4 spear
Missiles
 h - 2 throwing nets {=f}
 s - 8 poisoned darts
Armour
 n - the +0 pair of gloves of Fedhas, Sheltering (worn) {rCorr Str+5 Dex-5}
   (You found it on level 3 of the Dungeon)

   Str+5:     It affects your strength (+5).
   Dex-5:     It affects your dexterity (-5).
   rCorr:     It protects you from acid and corrosion.
Jewellery
 E - a +5 ring of evasion (left hand)
 I - a +6 ring of intelligence (right hand)
Talismans
 b - a beast talisman
 c - a flux talisman (active)
Wands
 f - a wand of paralysis (9)
Scrolls
 d - 2 scrolls of poison {!r}
 j - 3 scrolls of identify {@r1}
 l - 2 scrolls of amnesia
 p - a scroll of fear {unknown}
 r - a scroll of noise {unknown}
Potions
 e - 2 potions of curing {unknown}
 i - a potion of magic {unknown}
 k - a potion of cancellation {unknown}
 m - a potion of might {unknown}
 q - 2 potions of berserk rage {unknown}

Dungeon Overview and Level Annotations

Branches:
Dungeon (5/15)             Temple (1/1) D:4

Altars:
Ashenzari
Cheibriados
Elyvilon
Fedhas
Gozag
Hepliaklqana
Makhleb
Okawaru
Qazlal
Ru
Sif Muna
Trog
Yredelemnul
The Shining One

?. ## #. ..##.#.
...#.#. #....#.
##.....####
...#......##
#.#.......##
#.....p?...#
#.....$....#
##....$....#
#.........###
#............
#............
#####.........##.
...............#
.####...<......#


There were no monsters in sight!


Message History

You kill the scorpion!
Unknown command.
You feel sick.
You see here 7 gold pieces.
You feel sick.
You feel sick.
Found a scroll labelled EGOOSU KEGG.
You feel sick.
You are no longer poisoned.
You hit the scorpion.
The scorpion begins to glow.
The scorpion is moderately wounded.
The scorpion stings you but does no damage.
You barely miss the scorpion.
The scorpion is moderately wounded.
The scorpion closely misses you.
You hit the scorpion but do no damage.
The scorpion glows dangerously bright.
The scorpion is moderately wounded.
The scorpion stings you.
You hit the scorpion.
The scorpion shudders as magic cascades through it!
You kill the scorpion!
Your Fighting skill increases to level 3!
Your Dodging skill increases to level 3!
Your Evocations skill increases to level 2!
You have reached level 7!
Your scales start taking on a pale cyan-grey colour.
You learn Fire Magic quicker.
You learn Air Magic quicker.
You learn Evocations quicker.
You can breathe blasts of scalding, opaque steam.
You are now immune to the effects of steam.
Are you sure you want to abandon this character and quit the game? (Confirm with "yes".)

Skill      XL: |  1  2  3  4  5  6 |
---------------+-------------------+-----
Dodging        | 2 3 |  3.0
Stealth        | 1 2 |  2.3
Fighting       | 2 3 |  3.0
Unarmed Combat | 4 |  4.8
Evocations     | 1 2 |  2.2
Shapeshifting  | 4 |  4.5

Action                     |  1- 3 |  4- 6 |  7- 9 || total
---------------------------+-------+-------+-------++-------
  Melee: Unarmed           |    99 |   206 |       ||   305
         Tailslap          |    10 |    33 |       ||    43
    Use: Scroll            |       |     4 |       ||     4
         Potion            |       |     3 |       ||     3
   Stab: Sleeping          |     2 |       |       ||     2
 Armour: Skin              |    40 |    89 |       ||   129
  Dodge: Dodged            |    75 |   187 |       ||   262
   Form: Flux              |       |     1 |       ||     1

Levels and vault maps discovered:
D:1:      psy_arrival_terrarium, layout_loops_cross
D:2:      layout_rooms
D:3:      layout_basic, mainiacjoe_overflow_alcove_2, kennysheep_slug_shrine
D:4:      layout_basic, minmay_temple_entry_proselytizer
D:5:      layout_rooms, gammafunk_ghost_gnarly_gnolls
Temple:   hellmonk_temple_forest_ring

Notes
Turn   | Place    | Note
-------+----------+-------------------------------------------
     0 | D:1      | Jeffwins the Draconian Shapeshifter began the quest for the
                  | Orb.
     0 | D:1      | Reached XP level 1. HP: 16/16 MP: 1/1
   194 | D:1      | Reached skill level 2 in Dodging
   194 | D:1      | Reached XP level 2. HP: 23/23 MP: 2/2
   676 | D:2      | Reached XP level 3. HP: 29/29 MP: 3/3
   806 | D:2      | Reached skill level 1 in Stealth
   925 | D:2      | Reached XP level 4. HP: 25/36 MP: 4/4
  1116 | D:3      | Reached skill level 2 in Fighting
  1301 | D:3      | Identified a potion of resistance
  1535 | D:3      | Reached XP level 5. HP: 38/41 MP: 5/5
  1549 | D:3      | Reached skill level 4 in Unarmed Combat
  1596 | D:3      | Reached skill level 1 in Evocations
  1614 | D:3      | Found a snail-covered altar of Cheibriados.
  1942 | D:3      | Identified the +0 pair of gloves of Fedhas, Sheltering
                  | {rCorr Str+5 Dex-5}
  2107 | D:3      | Found a sacrificial altar of Ru.
  2170 | D:4      | Reached skill level 4 in Shapeshifting
  2185 | D:4      | Reached XP level 6. HP: 28/50 MP: 6/6
  2291 | D:4      | Reached skill level 2 in Stealth
  2469 | D:4      | HP: 1/36 [orc/+2 dagger of venom (3)]
  2480 | D:4      | HP: 7/75 [poisoned by an orc]
  2677 | D:4      | Found a staircase to the Ecumenical Temple.
  2826 | Temple   | Entered the Ecumenical Temple
  2834 | Temple   | Became a worshipper of Gozag Ym Sagoz the Greedy
  3282 | D:5      | Entered Level 5 of the Dungeon
  3305 | D:5      | Reached skill level 3 in Fighting
  3305 | D:5      | Reached skill level 3 in Dodging
  3305 | D:5      | Reached skill level 2 in Evocations
  3305 | D:5      | Your scales start taking on a pale cyan-grey colour.
  3305 | D:5      | Reached XP level 7. HP: 31/57 MP: 7/7
  3305 | D:5      | Gained mutation: You are immune to the effects of steam.
                  | [Pale Draconian growth]
  3305 | D:5      | Quit the game

Vanquished Creatures
  3 scorpions
  3 orc priests
  An orc wizard (D:3)
  11 gnolls
  5 adders
  A white imp (D:4)
  A worm (D:2)
  4 dart slugs
  9 orcs
  8 ball pythons
  5 endoplasms
  2 giant cockroaches (D:4)
  7 hobgoblins
  9 kobolds
  A quokka (D:1)
  5 bats (D:1)
  2 frilled lizards
  9 goblins
  5 rats
91 creatures vanquished.

Table legend: (Time is in decaauts)
 A = Elapsed time spent in this place.
 B = Non-inter-level travel time spent in this place.
 C = Inter-level travel time spent in this place.
 D = Time resting spent in this place.
 E = Time spent auto-exploring this place.
 F = Levels seen in this place.
 G = Mean time per level.
                   A        B        C        D        E       F      G
               +--------+--------+--------+--------+--------+-----+--------+
         Total |   3292 |   3197 |     95 |    264 |   2174 |   6 |  548.7 |
       Dungeon |   3275 |   3187 |     88 |    264 |   2174 |   5 |  655.0 |
        Temple |     16 |      9 |      7 |      0 |      0 |   1 |   16.0 |
               +--------+--------+--------+--------+--------+-----+--------+

Top non-repeatable levels by time:
     D:4: 1290 daAuts
     D:3: 875 daAuts
     D:1: 637 daAuts
     D:2: 449 daAuts
     D:5: 21 daAuts
  Temple: 16 daAuts

Table legend:
 A = Non-vault XP
 B = Vault XP
 C = Vault XP percentage of total XP
 D = Non-vault monster count
 E = Vault monster count
 F = Vault count percentage of total count
                 A         B        C        D         E       F
            +---------+---------+-------+---------+---------+-------
      Total |     740 |      45 |   5.7 |      89 |       2 |   2.2
            +---------+---------+-------+---------+---------+-------
        D:1 |      35 |       0 |   0.0 |      20 |       0 |   0.0
        D:2 |      82 |       0 |   0.0 |      18 |       0 |   0.0
        D:3 |     161 |       4 |   2.4 |      15 |       1 |   6.2
        D:4 |     291 |      41 |  12.3 |      34 |       1 |   2.9
        D:5 |     171 |       0 |   0.0 |       2 |       0 |   0.0
            +---------+---------+-------+---------+---------+-------
